 Dungeon Crawl Stone Soup version 0.29.1-2-gbd0b4ee654 (webtiles) character file.

Game seed: 4953236436166278887

10791 cdecastro the Thaumaturge (level 11, -12/83 HPs)
             Began as a Gnoll Wanderer on Nov 20, 2022.
             Was a Priest of Vehumet.
             Mangled by a very large slime creature (26 damage)
             ... on level 12 of the Dungeon.
             The game lasted 00:37:00 (15723 turns).

cdecastro the Thaumaturge (Gnoll Wanderer)         Turns: 15723, Time: 00:37:01

Health: -12/83     AC: 29    Str: 16    XL:     11   Next: 67%
Magic:  23/23      EV: 24    Int: 16    God:    Vehumet [***...]
Gold:   625        SH: 10    Dex: 10    Spells: 10/27 levels left

rFire   + + .      SeeInvis .   a - +5 long sword of Betwal {protect, Dex+3}
rCold   + + .      Faith    .   X - +1 kite shield {rC+ rF+}
rNeg    + . .      Spirit   .   Y - +15 Maxwell's patent armour {-Cast -Tele rElec Will+ rCorr}
rPois   +          Reflect  .   v - -2 hat of the Alchemist {rElec rPois rF+ rC+ rN+ Will+ rMut rCorr}
rElec   +          Harm     .   i - scarf {shadows}
rCorr   +          Rampage  .   J - +0 pair of gloves
rMut    +          NoTele   +   L - +1 pair of boots
Will    ++...      NoCast   +   y - amulet of the acrobat
Stlth   ..........              p - +4 ring of slaying
HPRegen 0.23/turn               x - +4 ring of evasion
MPRegen 0.18/turn

@: acrobatic
A: fangs 1, strong nose, distributed training
a: Renounce Religion


You were on level 12 of the Dungeon.
You worshipped Vehumet.
Vehumet was most pleased with you.
You visited 2 branches of the dungeon, and saw 13 of its levels.
You also visited: Bailey.

You collected 776 gold pieces.
You spent 151 gold pieces at shops.

Inventory:

Hand Weapons
 a - the +5 long sword of Betwal (weapon) {protect, Dex+3}
   (You found it on level 3 of the Dungeon)

   It grants its wielder temporary protection when it strikes (+7 to AC).
   Dex:       It affects your dexterity (+3).
 b - a +2 shortbow of freezing
Missiles
 r - 6 javelins
 M - 16 poisoned darts (quivered)
 O - 9 boomerangs
 V - 9 curare-tipped darts
 W - a boomerang of dispersal
Armour
 e - a +1 cloak
 i - a scarf of shadows (worn)
 v - the -2 hat of the Alchemist (worn) {rElec rPois rF+ rC+ rN+ Will+ rMut rCorr}
   (You found it in a bailey)

   rF:        It protects you from fire.
   rC:        It protects you from cold.
   rElec:     It insulates you from electricity.
   rPois:     It protects you from poison.
   rN:        It protects you from negative energy.
   rCorr:     It protects you from acid and corrosion.
   rMut:      It protects you from mutation.
   Will:      It increases your willpower.
 I - the +1 ring mail "Rudafoc" {rPois Will+ Dex-4}
   (You found it on level 4 of the Dungeon)

   Dex:       It affects your dexterity (-4).
   rPois:     It protects you from poison.
   Will:      It increases your willpower.
 J - a +0 pair of gloves (worn)
 L - a +1 pair of boots (worn)
 R - a scarf of harm
 S - a scarf of invisibility
 U - a +1 ring mail of fire resistance
 X - a +1 kite shield of resistance (worn)
 Y - the +15 Maxwell's patent armour (worn) {-Cast -Tele rElec Will+ rCorr}
   (You found it in a bailey)

   rElec:     It insulates you from electricity.
   -Cast:     It prevents spellcasting.
   -Tele:     It prevents most forms of teleportation.
   rCorr:     It protects you from acid and corrosion.
   Will:      It increases your willpower.
Jewellery
 f - an amulet of magic regeneration
 h - a +6 ring of strength
 o - a ring of ice
 p - a +4 ring of slaying (left hand)
 x - a +4 ring of evasion (right hand)
 y - an amulet of the acrobat (around neck)
 A - a ring of willpower
 F - a ring of protection from cold
 K - a +4 ring of protection
 Q - a ring of magical power
Wands
 j - a wand of mindburst (2)
 P - a wand of quicksilver (9)
 Z - a wand of iceblast (14)
Scrolls
 c - 7 scrolls of teleportation
 d - 2 scrolls of fog
 g - 2 scrolls of vulnerability
 k - 3 scrolls of fear
 l - 2 scrolls of enchant armour
 m - a scroll of brand weapon
 s - 2 scrolls of magic mapping
 t - 4 scrolls of poison
 u - a scroll of silence
 E - 3 scrolls of blinking
 N - a scroll of enchant weapon
 T - a scroll of identify
Potions
 n - 4 potions of heal wounds
 q - 5 potions of curing
 w - 2 potions of haste
 z - a potion of brilliance
 B - a potion of flight
 C - a potion of might
 D - a potion of mutation
 G - 2 potions of berserk rage
 H - a potion of attraction


   Skills:
 + Level 6.7 Fighting
 + Level 6.7 Short Blades
 + Level 6.7 Long Blades
 + Level 6.7 Axes
 + Level 6.7 Maces & Flails
 + Level 6.7 Polearms
 + Level 6.7 Staves
 + Level 6.7 Ranged Weapons
 + Level 7.3 Throwing
 + Level 6.7 Armour
 + Level 7.3 Dodging
 + Level 6.7 Stealth
 + Level 6.7 Shields
 + Level 8.2 Unarmed Combat
 + Level 8.5 Spellcasting
 + Level 5.6 Conjurations
 + Level 5.6 Hexes
 + Level 5.6 Summonings
 + Level 5.6 Necromancy
 + Level 5.6 Translocations
 + Level 6.9 Transmutations
 + Level 5.6 Fire Magic
 + Level 5.6 Ice Magic
 + Level 5.6 Air Magic
 + Level 5.6 Earth Magic
 + Level 5.6 Poison Magic
 + Level 7.9 Invocations
 + Level 7.3 Evocations


You had 10 spell levels left.
You knew the following spells:

 Your Spells              Type           Power      Damage    Failure   Level
a - Beastly Appendage     Tmut           56%        N/A       56%         1
b - Sting                 Tmut/Pois      100%       1d8       67%         1
c - Spider Form           Tmut/Pois      26%        N/A       95%         3
d - Mephitic Cloud        Conj/Pois/Air  24%        N/A       63%         3
e - Ignite Poison         Fire/Tmut/Pois 26%        N/A       56%         3
f - Stone Arrow           Conj/Erth      48%        3d10      63%         3
g - Frozen Ramparts       Ice            48%        1d8       63%         3

Your spell library contained the following spells:

 Spells                   Type           Power      Damage    Failure   Level
 Fulminant Prism          Conj/Hex       12%        3d9       94%         4
 Poisonous Vapours        Pois/Air       48%        N/A       41%         2
 Dazzling Flash           Conj/Hex       48%        N/A       63%         3
 Iskenderun's Mystic Bla  Conj/Tloc      24%        2d7       94%         4
 Olgreb's Toxic Radiance  Pois           24%        N/A       94%         4
 Ozocubu's Armour         Ice            24%        N/A       98%         3
 Freezing Cloud           Conj/Ice/Air   12%        6-21      99%         5
 Animate Armour           Summ/Erth      48%        N/A       100%        4
 Cause Fear               Hex            12%        N/A       100%        4
 Metabolic Englaciation   Hex/Ice        12%        N/A       100%        5
 Simulacrum               Ice/Necr       12%        N/A       100%        6
 Starburst                Conj/Fire      12%        6d5       100%        6
 Dragon Form              Tmut           14%        N/A       100%        7
 Ozocubu's Refrigeration  Ice            12%        4d10      100%        7
 Lehudib's Crystal Spear  Conj/Erth      12%        10d4      100%        8
 Dragon's Call            Summ           12%        N/A       100%        9


Dungeon Overview and Level Annotations

Branches:
Dungeon (12/15)            Temple (1/1) D:4            Lair (0/5) D:11
    Orc (0/2) D:11         Bailey (visited)

Altars:
Ashenzari
Cheibriados
Dithmenos
Elyvilon
Fedhas
Gozag
Hepliaklqana
Kikubaaqudgha
Makhleb
Nemelex Xobeh
Okawaru
Qazlal
Ru
Sif Muna
Trog
Uskayaw
Vehumet
Wu Jian
Xom
Yredelemnul
Zin
The Shining One

Shops:
D:4 **   D:10 [   D:11 *

Annotations:
D:4 exclusion: ogre
D:6 Sigmund
D:7 exclusion: door
D:12 Frances


Innate Abilities, Weirdness & Mutations

You have very sharp teeth.
Your uncanny sense of smell can sniff out nearby items.
Your experience applies equally to all skills.


Message History

Something hits you but does no damage.
You hit something.
Your weapon exudes an aura of protection.
Something hits you but does no damage. x2; Something hits you.
You barely miss something.
Something hits you but does no damage. x2
Two slime creatures merge to form a very large slime creature.
You slash something!
Something hits you but does no damage. x2
Something hits you!
You slash something! Something hits you but does no damage.
You block something's attack.
You slash something! Vehumet accepts your kill.
Reactivating autopickup.
You feel a bit more experienced.
The very large slime creature attacks as you move away!
The very large slime creature closely misses you.
The very large slime creature attacks as you move away!
You block the very large slime creature's attack.
The very large slime creature attacks as you move away!
The very large slime creature completely misses you.
The very large slime creature attacks as you move away!
You block the very large slime creature's attack.
Frances says, "I command an army of devils.
What do you command?"
Frances mutters a nigh-unspeakable word.
Frances whispers indecipherable words.
The shard of ice hits you!! You partially resist.
Frances attacks as you move away! You block Frances's attack.
The very large slime creature attacks as you move away!
The very large slime creature hits you but does no damage.
Frances mutters in a terrible tongue.
Frances attacks as you move away! Frances hits you but does no damage.
Frances screams a word of power!
The iron shot hits you!!!
* * * LOW HITPOINT WARNING * * *
Frances attacks as you move away! You block Frances's attack.
Frances hits you with a +0 flail.
* * * LOW HITPOINT WARNING * * *
The very large slime creature attacks as you move away!
The very large slime creature hits you!!
You die...

#..(# #.# #.# #.# #...#
#.# #.# #.# #...# #.# #.#
#.# #...# #.# #.# #.#
##...# #.# #.######.#
.....# #.# #........#
.....# #.# #.....<..#
###..######.#####........#
#..........4.@@..#####.#
#.........4..J...# #.#
#.######.........# #.# #.#
#...###...# #.# #.# #...#
#...# #4# #...# #...# #.#
#...# #...# #4# ...# #.#


You could see Frances (fast), a very large slime creature, an ice devil
(summoned) and a red devil (summoned).

Vanquished Creatures
  3 two-headed ogres
  Sonja (D:11)
  2 manticores
  A cyclops (D:12)
  2 unseen horrors
  3 trolls
  2 wraiths (D:11)
  10 yaks
  A wyvern (D:10)
  2 steam dragons
  2 water moccasins
  7 orc warriors
  A sky beast (D:7)
  A black bear (D:8)
  An ogre (D:7)
  4 centaurs
  2 kobold brigands (D:7)
  2 scorpions
  4 bullfrogs
  9 wights (D:9)
  9 killer bees
  4 howler monkeys
  3 hounds
  5 jellies
  5 orc priests
  2 gnoll boudas
  4 iguanas
  9 orc wizards
  A statue (D:6)
  12 gnolls
  4 adders (D:5)
  A shadow imp (D:7)
  A white imp (D:7)
  An ufetubus (D:6)
  A worm (D:3)
  2 dart slugs
  53 orcs
  9 endoplasms
  5 giant cockroaches
  5 goblins
  7 hobgoblins
  5 jackals
  4 quokkas
  5 ball pythons
  5 bats
  3 frilled lizards
  11 kobolds
  5 rats
241 creatures vanquished.

Vanquished Creatures (others)
  An orc (D:6)
  2 fungi (D:7)
3 creatures vanquished.

Grand Total: 244 creatures vanquished

Notes
Turn   | Place    | Note
-------+----------+-------------------------------------------
     0 | D:1      | cdecastro the Gnoll Wanderer began the quest for the Orb.
     0 | D:1      | cdecastro set off with the following items: a +0 dagger, 12
                  | poisoned darts, a scroll of teleportation, a scroll of fog,
                  | a +0 leather armour; and the following spells available to
                  | memorise: Beastly Appendage, Sting, Spider Form.
     0 | D:1      | Reached XP level 1. HP: 13/13 MP: 6/6
   233 | D:1      | Learned a level 1 spell: Beastly Appendage
   489 | D:1      | Reached XP level 2. HP: 12/19 MP: 5/7
   670 | D:1      | Found a faded altar of an unknown god.
  1303 | D:1      | Reached skill level 5 in Spellcasting
  1303 | D:1      | Reached XP level 3. HP: 25/25 MP: 6/9
  2474 | D:2      | Reached skill level 1 in Fighting
  2474 | D:2      | Reached skill level 1 in Short Blades
  2474 | D:2      | Reached skill level 1 in Long Blades
  2474 | D:2      | Reached skill level 1 in Axes
  2474 | D:2      | Reached skill level 1 in Maces & Flails
  2474 | D:2      | Reached skill level 1 in Polearms
  2474 | D:2      | Reached skill level 1 in Staves
  2474 | D:2      | Reached skill level 1 in Ranged Weapons
  2474 | D:2      | Reached skill level 1 in Armour
  2474 | D:2      | Reached skill level 1 in Stealth
  2474 | D:2      | Reached skill level 1 in Shields
  3016 | D:2      | Learned a level 1 spell: Sting
  3020 | D:2      | Learned a level 3 spell: Spider Form
  3093 | D:3      | Reached XP level 4. HP: 32/32 MP: 9/11
  3323 | D:3      | Found an ornate altar of the Wu Jian Council.
  3569 | D:3      | Found an ancient bone altar of Kikubaaqudgha.
  3644 | D:3      | Identified the +5 long sword of Betwal {protect, Dex+3}
  4283 | D:3      | Reached skill level 1 in Conjurations
  4283 | D:3      | Reached skill level 1 in Hexes
  4283 | D:3      | Reached skill level 1 in Summonings
  4283 | D:3      | Reached skill level 1 in Necromancy
  4283 | D:3      | Reached skill level 1 in Translocations
  4283 | D:3      | Reached skill level 1 in Fire Magic
  4283 | D:3      | Reached skill level 1 in Ice Magic
  4283 | D:3      | Reached skill level 1 in Air Magic
  4283 | D:3      | Reached skill level 1 in Earth Magic
  4283 | D:3      | Reached skill level 1 in Poison Magic
  4856 | D:4      | Reached XP level 5. HP: 37/37 MP: 10/12
  4898 | D:4      | Noticed an ogre
  4936 | D:4      | Found Kaehial's General Store.
  4949 | D:4      | Bought a potion of haste for 100 gold pieces
  4949 | D:4      | Bought a scroll of teleportation for 30 gold pieces
  5002 | D:4      | Identified the +1 ring mail "Rudafoc" {rPois Will+ Dex-4}
  5023 | D:4      | Found Zin's Purification Station.
  5024 | D:4      | Found a glowing silver altar of Zin.
  5094 | D:4      | Reached XP level 6. HP: 27/44 MP: 14/14
  5400 | D:4      | Reached skill level 5 in Unarmed Combat
  5838 | D:4      | Found a staircase to the Ecumenical Temple.
  5862 | Temple   | Entered the Ecumenical Temple
  6172 | D:5      | Entered Level 5 of the Dungeon
  6346 | D:5      | Found a shimmering blue altar of Sif Muna.
  6355 | D:5      | Identified the +4 ring mail "Sooj" {Harm Str+6 Stlth+}
  6404 | D:5      | Reached XP level 7. HP: 49/51 MP: 15/15
  6814 | D:5      | Found a shimmering altar of Xom.
  7391 | D:6      | Found a radiant altar of Vehumet.
  7454 | D:6      | Noticed a steam dragon
  7466 | D:6      | Killed a steam dragon
  7467 | D:6      | Reached XP level 8. HP: 11/58 MP: 16/16
  7803 | D:6      | Became a worshipper of Vehumet
  7832 | D:6      | Noticed Sigmund
  7843 | D:6      | Found a glowing golden altar of the Shining One.
  7914 | D:6      | Found a blossoming altar of Fedhas.
  8567 | D:7      | Noticed a rime drake
  8573 | D:7      | Noticed a rime drake
  8574 | D:7      | Noticed a rime drake
  8578 | D:7      | Found the +4 skin of Zhor {*Englaciate rC+++ SInv}
  8905 | D:7      | Found a stormy altar of Qazlal.
  9210 | D:7      | Reached * piety under Vehumet
  9210 | D:7      | Offered knowledge of Shock by Vehumet.
  9211 | D:7      | Reached skill level 5 in Transmutations
  9211 | D:7      | Reached skill level 5 in Invocations
  9215 | D:7      | Learned a level 3 spell: Mephitic Cloud
  9219 | D:7      | Learned a level 3 spell: Ignite Poison
  9389 | D:7      | Found a shadowy altar of Dithmenos.
  9432 | D:7      | Reached XP level 9. HP: 65/65 MP: 18/18
  9757 | D:8      | Noticed a two-headed ogre
  9935 | D:8      | Reached skill level 5 in Throwing
  9935 | D:8      | Reached skill level 5 in Dodging
  9935 | D:8      | Reached skill level 5 in Evocations
 10047 | D:8      | Found a sacrificial altar of Ru.
 10049 | D:8      | Noticed a two-headed ogre
 10075 | D:8      | Killed a two-headed ogre
 10214 | D:8      | Found a flagged portal.
 10221 | D:8      | Offered knowledge of Sandblast by Vehumet.
 10222 | D:8      | Reached ** piety under Vehumet
 10237 | Bailey   | Entered a bailey
 11110 | Bailey   | Found the -2 hat of the Alchemist {rElec rPois rF+ rC+ rN+
                  | Will+ rMut rCorr}
 11111 | Bailey   | Found the +15 Maxwell's patent armour {-Cast -Tele rElec
                  | Will+ rCorr}
 11297 | Bailey   | Learned a level 3 spell: Stone Arrow
 11367 | D:8      | Killed a two-headed ogre
 11368 | D:8      | Reached skill level 5 in Fighting
 11368 | D:8      | Reached skill level 5 in Short Blades
 11368 | D:8      | Reached skill level 5 in Long Blades
 11368 | D:8      | Reached skill level 5 in Axes
 11368 | D:8      | Reached skill level 5 in Maces & Flails
 11368 | D:8      | Reached skill level 5 in Polearms
 11368 | D:8      | Reached skill level 5 in Staves
 11368 | D:8      | Reached skill level 5 in Ranged Weapons
 11368 | D:8      | Reached skill level 5 in Armour
 11368 | D:8      | Reached skill level 5 in Stealth
 11368 | D:8      | Reached skill level 5 in Shields
 11368 | D:8      | Reached XP level 10. HP: 71/74 MP: 20/20
 12017 | D:8      | Offered knowledge of Frozen Ramparts by Vehumet.
 12022 | D:8      | Learned a level 3 spell: Frozen Ramparts
 12562 | D:9      | Reached *** piety under Vehumet
 12807 | D:9      | Noticed a two-headed ogre
 12836 | D:9      | Killed a two-headed ogre
 13498 | D:10     | Entered Level 10 of the Dungeon
 13517 | D:10     | Reached skill level 5 in Conjurations
 13517 | D:10     | Reached skill level 5 in Hexes
 13517 | D:10     | Reached skill level 5 in Summonings
 13517 | D:10     | Reached skill level 5 in Necromancy
 13517 | D:10     | Reached skill level 5 in Translocations
 13517 | D:10     | Reached skill level 5 in Fire Magic
 13517 | D:10     | Reached skill level 5 in Ice Magic
 13517 | D:10     | Reached skill level 5 in Air Magic
 13517 | D:10     | Reached skill level 5 in Earth Magic
 13517 | D:10     | Reached skill level 5 in Poison Magic
 13517 | D:10     | Offered knowledge of Fulminant Prism by Vehumet.
 13769 | D:10     | Reached XP level 11. HP: 69/81 MP: 21/23
 13959 | D:10     | Found a broken altar of Ashenzari.
 14095 | D:10     | Found a snail-covered altar of Cheibriados.
 14102 | D:10     | Found Deij's Armour Emporium.
 14336 | D:10     | Found a bloodstained altar of Trog.
 14583 | D:11     | You fall into a shaft and drop 1 floor!
 14587 | D:11     | Noticed Sonja
 14589 | D:11     | Killed Sonja
 14592 | D:11     | Found a staircase to the Orcish Mines.
 14678 | D:11     | Found a staircase to the Lair.
 14780 | D:11     | Noticed a manticore
 14787 | D:11     | Killed a manticore
 15181 | D:11     | Found Irileniu's CLEARANCE SALE!.
 15189 | D:11     | Bought a scroll of poison for 12 gold pieces
 15189 | D:11     | Bought a scroll of teleportation for 9 gold pieces
 15511 | D:12     | Noticed a manticore
 15523 | D:12     | Killed a manticore
 15605 | D:12     | Noticed a cyclops
 15605 | D:12     | Noticed Frances
 15639 | D:12     | Killed a cyclops
 15689 | D:12     | Noticed a soul eater
 15723 | D:12     | Mangled by a very large slime creature

Illustrated notes

Levels and vault maps discovered:
D:1:      minmay_arrival_semitransparent, layout_basic,
          chequers_ecumenical_altar_island, minmay_misc_feat_x
D:2:      layout_basic
D:3:      layout_basic, nzn_wu_jian_contemplation, kiku_gazebo_garden_becter
D:4:      layout_basic, zin_purify, minmay_temple_entry_butterflies,
          serial_shops, nicolae_shop_stone
D:5:      layout_loops_corners, old_standard_altar, kennysheep_mini
D:6:      layout_loops_ring, vehumet_statue, mainiacjoe_overflow_chevrons,
          mainiacjoe_overflow_alcove_2, uniq_sigmund
D:7:      layout_gridville, nicolae_dithmenos_through_a_glass_darkly,
          mainiacjoe_overflow_tiny_flanked, chequers_serial_rivers_small_a,
          hellmonk_guarded_unrand_zhor
D:8:      layout_basic, nicolae_ru_awakened_eye, enter_bailey_4
D:9:      layout_long_grid, hex_tiny
D:10:     layout_basic, nicolae_overflow_crystal_walls, lemuel_doored_altar,
          lightli_temple_of_fire, serial_shops, shop, kennysheep_generic_room_9
D:11:     layout_cross, lair_entry_dummy, orc_0_dummy, nicolae_shop_clearance,
          uniq_sonja
D:12:     layout_long_grid, minmay_tree_intersection, uniq_frances, uniq_snorg,
          uniq_azrael, uniq_maurice
Temple:   hellmonk_temple_two_chambers

Skill      XL: |  1  2  3  4  5  6  7  8  9 10 11 |
---------------+----------------------------------+-----
Spellcasting   | 5 6 7 8 |  8.5
Fighting       | 1 2 3 5 6 |  6.7
Short Blades   | 1 2 3 5 6 |  6.7
Long Blades    | 1 2 3 5 6 |  6.7
Axes           | 1 2 3 5 6 |  6.7
Maces & Flails | 1 2 3 5 6 |  6.7
Polearms       | 1 2 3 5 6 |  6.7
Staves         | 1 2 3 5 6 |  6.7
Ranged Weapons | 1 2 3 5 6 |  6.7
Armour         | 1 2 3 5 6 |  6.7
Stealth        | 1 2 3 5 6 |  6.7
Shields        | 1 2 3 5 6 |  6.7
Conjurations   | 1 2 3 4 5 |  5.6
Hexes          | 1 2 3 4 5 |  5.6
Summonings     | 1 2 3 4 5 |  5.6
Necromancy     | 1 2 3 4 5 |  5.6
Translocations | 1 2 3 4 5 |  5.6
Fire Magic     | 1 2 3 4 5 |  5.6
Ice Magic      | 1 2 3 4 5 |  5.6
Air Magic      | 1 2 3 4 5 |  5.6
Earth Magic    | 1 2 3 4 5 |  5.6
Poison Magic   | 1 2 3 4 5 |  5.6
Invocations    | 3 4 5 6 7 |  7.9
Throwing       | 3 4 5 6 7 |  7.3
Dodging        | 3 4 5 6 7 |  7.3
Evocations     | 3 4 5 6 7 |  7.3
Transmutations | 4 5 6 |  6.9
Unarmed Combat | 5 6 7 8 |  8.2

Action                   |  1- 3 |  4- 6 |  7- 9 | 10-12 || total
-------------------------+-------+-------+-------+-------++-------
Melee: Unarmed           |   110 |    35 |       |       ||   145
       Dagger            |     4 |       |       |       ||     4
       Headbutt          |    13 |     4 |     2 |       ||    19
       Bite              |     7 |     6 |    25 |    44 ||    82
       Kick              |    11 |     8 |     3 |       ||    22
       Punch             |     3 |     2 |     8 |       ||    13
       Long sword        |       |    60 |   257 |   338 ||   655
 Fire: Shortbow          |       |       |    77 |       ||    77
Throw: Dart              |     1 |       |       |     6 ||     7
 Cast: Beastly Appendage |    23 |    13 |     1 |       ||    37
Evoke: Wand              |       |       |       |     4 ||     4
  Use: Scroll            |       |       |     7 |    12 ||    19
       Potion            |       |       |     1 |       ||     1
 Stab: Sleeping          |       |     2 |       |       ||     2
Armor: Leather armour    |    35 |    14 |       |       ||    49
       Ring mail         |       |    12 |   108 |       ||   120
       Plate armour      |       |       |    12 |   338 ||   350
Dodge: Dodged            |    72 |    71 |   275 |   222 ||   640
Block: Kite shield       |       |       |     8 |   233 ||   241
